 Dungeon Crawl Stone Soup version 0.21-a0-135-g8dc100c (webtiles) character file.

48 grindst0ne the Grave Robber (level 3, -2/30 HPs)
             Began as a Hill Orc Necromancer on July 17, 2017.
             Slain by a two-headed ogre
             ... wielding a cursed -1 giant club
              (9 damage)
             ... on level 3 of the Dungeon.
             The game lasted 00:04:48 (1715 turns).

grindst0ne the Grave Robber (Hill Orc Necromancer)  Turns: 1715, Time: 00:04:49

Health: -2/30      AC:  5    Str: 10    XL:     3   Next: 72%
Magic:  2/5        EV: 10    Int: 19    God:
Gold:   168        SH:  0    Dex: 11    Spells: 0/5 levels left

rFire    . . .     SeeInvis .   u - +1 short sword (speed)
rCold    . . .     Gourm    .   (no shield)
rNeg     . . .     Faith    +   e - +0 ring mail
rPois    .         Spirit   .   (no helmet)
rElec    .         Reflect  .   (no cloak)
rCorr    .         Harm     .   (no gloves)
MR       .....                  (no boots)
Stlth    +.........             o - amulet of faith
HPRegen  0.10/turn              i - +3 ring of intelligence
MPRegen  0.09/turn              (no ring)

@: no status effects
A: no striking features
a: no special abilities


You were on level 3 of the Dungeon.
You were not hungry.

You visited 1 branch of the dungeon, and saw 3 of its levels.

You collected 168 gold pieces.

Inventory:

Hand Weapons
 u - a +1 short sword of speed (weapon)
Armour
 d - a +0 plate armour
 e - a +0 ring mail (worn)
Jewellery
 i - a +3 ring of intelligence (left hand)
 o - an amulet of faith (around neck)
 v - a +4 ring of dexterity {unknown}
Wands
 q - a wand of iceblast (0/15)
Scrolls
 a - a scroll of blinking {unknown}
 f - a scroll of teleportation {unknown}
 h - 2 scrolls of remove curse {unknown}
 l - a scroll of magic mapping {unknown}
 m - 2 scrolls of identify {unknown}
 n - a scroll of fog {unknown}
 p - a scroll of random uselessness {unknown}
 s - a scroll of amnesia {unknown}
Potions
 g - a potion of mutation {unknown}
 j - a potion of curing {unknown}
 k - a potion of berserk rage {unknown}
 r - a potion of ambrosia {unknown}
Books
 b - a book of Necromancy

   Spells                             Type                      Level
   a - Pain                           Necromancy                   1
   b - Animate Skeleton               Necromancy                   1
   c - Vampiric Draining              Necromancy                   3
   d - Regeneration                   Charms/Necromancy            3
   e - Animate Dead                   Necromancy                   4
   f - Control Undead                 Necromancy                   4
Comestibles
 c - 2 bread rations
 t - 3 chunks of flesh


   Skills:
 + Level 2.6 Fighting
 - Level 1.5 Dodging
 - Level 1.5 Stealth
 - Level 1.5 Spellcasting
 + Level 4.6 Necromancy


You couldn't memorise any spells.
You knew the following spells:

 Your Spells              Type           Power        Failure   Level  Hunger
a - Pain                  Necr           ###.         7%          1    ##.....
b - Animate Skeleton      Necr           N/A          7%          1    ##.....
c - Vampiric Draining     Necr           ###.......   21%         3    ####...


Dungeon Overview and Level Annotations

Branches:
Dungeon (3/15)

Altars:


Message History

The bat hits you but does no damage.
Found a runed dagger.
A kobold comes into view. It is wielding a short sword.
The kobold shouts!
The bat closely misses you.
The kobold moves out of view.
Casting: Pain
Confirm with . or Enter, or press ? or * to list all spells.
Aiming: Pain
Press: ? - help, Shift-Dir - straight line, f/p - two-headed ogre
Aim: a two-headed ogre, wielding two giant clubs (severely wounded, chance to defeat MR: 63%)
The two-headed ogre writhes in agony!
The bat hits you but does no damage. The bat hits you but does no damage.
The bat closely misses you. The bat closely misses you.
The bat closely misses you. The bat barely misses you. The bat misses you.
The bat hits you but does no damage. The two-headed ogre barely misses you.
The two-headed ogre hits you with a giant club!
You die...

.......# #..................
.......###.......##..####..
..(....'.'..................
.......###.................#
.......###.................#
$........###................
.........+...............#..
.........###.............# .
.........# #...O@........#
.........###....K.......#.
............g..b##......#
#...............# ......
................# .....
...............)# ..#+#
...#######........# .. .#..
..........# ... .#...
...........#


You could see a two-headed ogre, a hobgoblin, a bat and a kobold.

Vanquished Creatures
  An adder (D:3)
  An ooze (D:1)
  A worm (D:3)
  5 giant cockroaches
  2 goblins
  5 hobgoblins
  2 jackals (D:1)
  A quokka (D:2)
  A bat (D:3)
  2 frilled lizards
  2 kobolds (D:1)
  4 rats
27 creatures vanquished.

Vanquished Creatures (collateral kills)
  A dart slug (D:1)
1 creature vanquished.

Grand Total: 28 creatures vanquished

Notes
Turn   | Place    | Note
-------+----------+-------------------------------------------
     0 | D:1      | grindst0ne the Hill Orc Necromancer began the quest for the Orb.
     0 | D:1      | Reached XP level 1. HP: 14/14 MP: 3/3
   430 | D:1      | Reached skill level 1 in Fighting
   537 | D:1      | Reached XP level 2. HP: 22/23 MP: 2/4
   542 | D:1      | Learned a level 1 spell: Animate Skeleton
   801 | D:1      | Reached XP level 3. HP: 23/29 MP: 0/5
  1631 | D:3      | Learned a level 3 spell: Vampiric Draining
  1686 | D:3      | Noticed a two-headed ogre
  1715 | D:3      | Slain by a two-headed ogre

Vault maps used:
D:1:      dpeg_arrival_short_road

Skill      XL: |  1  2  3 |
---------------+----------+-----
Fighting       | 1 2 |  2.6
Dodging        | |  1.5
Stealth        | |  1.5
Spellcasting   | |  1.5
Necromancy     | |  4.6

Action                   || total
-------------------------++-------
Melee: Unarmed           ||     9
       Club              ||     1
       Whip              ||    21
       Short sword       ||    14
 Cast: Pain              ||    44
       Animate Skeleton  ||     6
Evoke: Wand              ||     3
  Eat: Chunk             ||     4
Armor: Robe              ||     4
       Ring mail         ||    37
Dodge: Dodged            ||    54
